 Dungeon Crawl Stone Soup version 0.29-a0-96-g93358da72b (webtiles) character file.

Game seed: 15202402158738914361

2 siradein the Insei (level 1, 0/15 HPs)
             Began as a Barachi Transmuter on Feb 11, 2022.
             Hit by a stone thrown by a kobold (2 damage)
             ... on level 1 of the Dungeon.
             The game lasted 00:00:39 (170 turns).

siradein the Insei (Barachi Transmuter)              Turns: 170, Time: 00:00:39

Health: 0/15       AC:  2    Str: 11    XL:     1   Next: 40%
Magic:  2/3        EV: 12    Int: 13    God:
Gold:   17         SH:  0    Dex: 12    Spells: 3/4 levels left

rFire   . . .      SeeInvis .     - Unarmed
rCold   . . .      Faith    .   (no shield)
rNeg    . . .      Spirit   .   a - +0 robe
rPois   .          Reflect  .   (helmet currently unavailable)
rElec   .          Harm     .   (no cloak)
rCorr   .          Rampage  .   (no gloves)
Will    .....                   (boots currently unavailable)
Stlth   +.........              (no amulet)
HPRegen 0.05/turn               (no ring)
MPRegen 0.08/turn               (no ring)

@: appendages, slow
A: horns 2, talons 2, amphibious, slowness 1, strong legs 1, +LOS
a: Hop, End Transformation


You were on level 1 of the Dungeon.
You had temporarily grown beastly horns and talons.
You visited 1 branch of the dungeon, and saw 1 of its levels.

You collected 17 gold pieces.

Inventory:

Armour
 a - a +0 robe (worn)
Scrolls
 b - a scroll of identify {unknown}


   Skills:
 + Level 1.3 Fighting
 + Level 2.2 Dodging
 + Level 3.3 Unarmed Combat
 + Level 2.2 Spellcasting
 + Level 2.2 Transmutations


You had 3 spell levels left.
You knew the following spells:

 Your Spells              Type           Power      Damage    Failure   Level
a - Beastly Appendage     Tmut           14%        N/A       10%         1

Your spell library contained the following spells:

 Spells                   Type           Power      Damage    Failure   Level
 Wereblood                Tmut           7%         N/A       16%         2
 Spider Form              Tmut/Pois      4%         N/A       43%         3
 Ice Form                 Ice/Tmut       4%         N/A       83%         4


Dungeon Overview and Level Annotations

Branches:
Dungeon (1/15)

Altars:


Innate Abilities, Weirdness & Mutations

You have temporarily grown beastly horns and talons.
You are amphibious.
You cover ground slowly.
You can hop short distances.
You have an extended range of vision and can be seen from far away.


Message History

The hobgoblin shouts!
The kobold throws a stone.
The stone closely misses you.
You grow a pair of large bovine horns.
Your feet morph into talons.
You hit the kobold.
The kobold is moderately wounded.
The kobold hits you with a +0 dagger.
You completely miss the kobold. You claw the kobold, but do no damage.
The kobold is moderately wounded.
The kobold hits you but does no damage.
You closely miss the kobold. Your kick misses the kobold.
The kobold is moderately wounded.
The hobgoblin hits you. The kobold completely misses you.
You barely miss the kobold.
The kobold is moderately wounded.
The hobgoblin hits you. The kobold hits you with a +0 dagger.
You are too injured to fight recklessly!
You are too injured to fight recklessly!
Your transformation is almost over.
The hobgoblin closely misses you.
The kobold throws a stone.
The stone barely misses you.
The kobold throws a stone.
The stone barely misses you. The hobgoblin hits you.
* * * LOW HITPOINT WARNING * * *
Your horns disappear.
Your talons disappear.
Casting: Beastly Appendage (safe; 10% risk of failure)
Confirm with . or Enter, or press ? or * to list all spells.
You grow a pair of large bovine horns.
Your feet morph into talons.
The hobgoblin hits you but does no damage.
You hit the hobgoblin.
You claw the hobgoblin, but do no damage.
The hobgoblin is severely wounded.
The hobgoblin closely misses you.
You barely miss the hobgoblin.
The hobgoblin is severely wounded.
The hobgoblin hits you.
* * * LOW HITPOINT WARNING * * *
You hit the hobgoblin.
You kill the hobgoblin!
The kobold throws a stone.
The stone hits you.
You die...

.. #.......### .. #..)......##
... #..........# ...###
#..........# ...... #....#.....#
...... #....#.....# #.....
#....#.....#
#.....################....####.##
..............K.@.........>....#
..............##.#########.###.##
#.....#######.##.#.....# #.# #..#
###### #.##.......# #.###..#
#########.####.#######†.....#
#..........# #.........####.#
###..........# ####......# #.#
#............# #......# #..
###......###.# #......# ##.


You could see a kobold.

Vanquished Creatures
  A hobgoblin (D:1)
  A quokka (D:1)
  A kobold (D:1)
  A rat (D:1)
4 creatures vanquished.

Notes
Turn   | Place    | Note
-------+----------+-------------------------------------------
     0 | D:1      | siradein the Barachi Transmuter began the quest for the
                  | Orb.
     0 | D:1      | Reached XP level 1. HP: 15/15 MP: 3/3
   170 | D:1      | Hit by a stone thrown by a kobold

Illustrated notes

Levels and vault maps discovered:
D:1:      roderic_chinese_lattice_arrival, layout_basic

Action                   || total
-------------------------++-------
Melee: Unarmed           ||    11
       Kick              ||     5
 Cast: Beastly Appendage ||     4
Armor: Robe              ||     3
Dodge: Dodged            ||    10

Table legend: (Time is in decaauts)
 A = Elapsed time spent in this place.
 B = Non-inter-level travel time spent in this place.
 C = Inter-level travel time spent in this place.
 D = Time resting spent in this place.
 E = Time spent auto-exploring this place.
 F = Levels seen in this place.
 G = Mean time per level.
                   A        B        C        D        E       F      G
               +--------+--------+--------+--------+--------+-----+--------+
         Total |    197 |    197 |      0 |      0 |    155 |   1 |  197.0 |
       Dungeon |    197 |    197 |      0 |      0 |    155 |   1 |  197.0 |
               +--------+--------+--------+--------+--------+-----+--------+

Top non-repeatable levels by time:
     D:1: 197 daAuts
